 Dungeon Crawl Stone Soup version 0.31-a0-233-g139696dc86 (webtiles) character file.

Game seed: 4539496564756909522

60 qw the Shooter (level 3, -6/29 HPs)
             Began as a Minotaur Hexslinger on July 7, 2023.
             Mangled by an iguana (11 damage)
             ... on level 5 of the Dungeon.
             The game lasted 00:00:42 (1332 turns).

qw the Shooter (Minotaur Hexslinger)                Turns: 1332, Time: 00:00:43

Health: -6/29      AC:  2    Str: 12    XL:     3   Next: 82%
Magic:  3/3        EV: 12    Int: 10    God:
Gold:   112        SH:  0    Dex: 14    Spells: 3/4 levels left

rFire   . . .        Y - +1 sling
rCold   . . .        (no shield)
rNeg    . . .        c - +0 robe {Will+}
rPois   .            (helmet restricted)
rElec   .            (no cloak)
rCorr   .            (no gloves)
SInv    .            (no boots)
Will    ++...        (no amulet)
Stlth   +            d - ring of willpower
HPRegen 0.24/turn    (no ring)
MPRegen 0.08/turn

%: no passive effects
@: no status effects
A: horns 2, retaliatory headbutt
a: no special abilities


You were on level 5 of the Dungeon.
You visited 1 branch of the dungeon, and saw 5 of its levels.

You collected 112 gold pieces.


Innate Abilities, Weirdness & Mutations

You have a pair of horns on your head.
You reflexively headbutt those who attack you in melee.


   Skills:
 - Level 2.1 Fighting
 + Level 4.1 Ranged Weapons
 - Level 1.1 Armour
 - Level 2.1 Dodging
 - Level 1.0 Spellcasting
 - Level 2.0 Hexes


You had 3 spell levels left.
You knew the following spells:

 Your Spells              Type           Power      Damage    Failure   Level
a - Slow                  Hex            16%        N/A       16%         1

Your spell library contained the following spells:

 Spells                   Type           Power      Damage    Failure   Level
 Inner Flame              Hex/Fire       2%         N/A       56%         3
 Portal Projectile        Hex/Tloc       4%         N/A       56%         3
 Cause Fear               Hex            2%         N/A       83%         4

Inventory:

Hand Weapons
 Y - a +1 sling (weapon)
Armour
 c - a +0 robe of willpower (worn)
 e - a +0 ring mail
Jewellery
 d - a ring of willpower (left hand)
Potions
 a - a potion of resistance {unknown}
 f - a potion of curing {unknown}
 h - a potion of brilliance {unknown}
 i - a potion of lignification {unknown}

Dungeon Overview and Level Annotations

Branches:
Dungeon (6/15)
 Temple: D:4-7

Altars:


Message History

1314 ||| FLEEEEING.
The adder hisses angrily.
Enter note:
1315 ||| FLEEEEING.
A phantom comes into view.
Enter note:
1316 ||| FLEEEEING.
There is a stone staircase leading up here.
Enter note:
1317 ||| STAIRDANCE You climb upwards.
There is a stone staircase leading down here.
Waypoint 4 assigned to D:5.
An iguana comes into view.
You shoot a sling bullet.
The sling bullet hits the iguana but does no damage.
You shoot a sling bullet.
The sling bullet hits the iguana but does no damage.
You shoot a sling bullet.
The sling bullet barely misses the iguana.
You shoot a sling bullet.
The sling bullet hits the iguana but does no damage.
You shoot a sling bullet.
The sling bullet barely misses the iguana.
You shoot a sling bullet.
The sling bullet hits the iguana but does no damage.
The iguana bites you!
You shoot a sling bullet.
The sling bullet barely misses the iguana.
The iguana closely misses you.
You shoot a sling bullet.
The sling bullet closely misses the iguana.
The iguana bites you!
You shoot a sling bullet.
The sling bullet hits the iguana but does no damage.
The iguana bites you.
You shoot a sling bullet.
The sling bullet hits the iguana but does no damage.
The iguana closely misses you. The iguana bites you!
You die...

........#
.......#
......##+###
#..........# ##
#..........#
...##..........#
#.|...l.......#
#...@.......#
##.....##+##
#.....#..######
#......>.......
+............##
#.....######.#
#.....# .......#
##......#


You could see an iguana.

Vanquished Creatures
  5 dart slugs
  7 bats
  3 endoplasms (D:1)
  3 giant cockroaches (D:1)
  7 goblins (D:2)
  4 hobgoblins
  4 kobolds
  2 quokkas
  4 ball pythons
  3 frilled lizards
  3 rats
45 creatures vanquished.

Notes
Turn   | Place    | Note
-------+----------+-------------------------------------------
     0 | D:1      | qw the Minotaur Hexslinger began the quest for the Orb.
     0 | D:1      | Reached XP level 1. HP: 16/16 MP: 1/1
     0 | D:1      | 0 ||| qw: Version: 0.3-a-46-gb1f654a
     0 | D:1      | 0 ||| qw: Game counter: 3267
     0 | D:1      | 0 ||| qw: Melee chars always use a shield: true
     0 | D:1      | 0 ||| qw: God list: Okawaru
     0 | D:1      | 0 ||| qw: Allow faded altars: false
     0 | D:1      | 0 ||| qw: Do Orc after clearing Dungeon:15 true
     0 | D:1      | 0 ||| qw: Do second Lair branch before Depths: true
     0 | D:1      | 0 ||| qw: Lair rune preference: random
     0 | D:1      | 0 ||| qw: Goals: Normal
     0 | D:1      | 0 ||| PLANNING D:1-11
    84 | D:1      | Reached skill level 3 in Ranged Weapons
    84 | D:1      | Reached XP level 2. HP: 23/23 MP: 2/2
   307 | D:1      | 307 ||| Stepping ~*~*~tactically~*~*~ (outnumbered).
   420 | D:1      | Reached XP level 3. HP: 29/29 MP: 3/3
   573 | D:1      | 573 ||| UPGRADING to +0 ring mail.
   583 | D:1      | 583 ||| DROPPING +0 robe.
   584 | D:1      | 584 ||| UPGRADING to ring of willpower.
   585 | D:1      | 585 ||| READING scroll labelled DIUSOE ZEIDIL.
   586 | D:1      | 586 ||| READING scroll labelled YMOTYTZ VUQIET.
   587 | D:1      | 587 ||| READING scroll labelled IZXIHA ERIUPT.
   588 | D:1      | 588 ||| DRINKING 2 metallic golden potions.
   592 | D:1      | 592 ||| DROPPING scroll of poison.
   593 | D:1      | 593 ||| DROPPING potion of ambrosia.
   778 | D:2      | 778 ||| FLEEEEING.
   779 | D:2      | 779 ||| FLEEEEING.
   780 | D:2      | 780 ||| FLEEEEING.
   782 | D:2      | 782 ||| FLEEEEING.
   783 | D:2      | 783 ||| FLEEEEING.
   900 | D:2      | 900 ||| FLEEEEING.
   901 | D:2      | 901 ||| FLEEEEING.
   904 | D:2      | 904 ||| FLEEEEING.
   905 | D:2      | 905 ||| FLEEEEING.
   914 | D:2      | 914 ||| STAIRDANCE
   937 | D:2      | Reached skill level 4 in Ranged Weapons
   988 | D:2      | Reached skill level 1 in Armour
  1283 | D:2      | 1283 ||| UPGRADING to +0 robe of willpower.
  1293 | D:2      | 1293 ||| DROPPING ring of wizardry.
  1294 | D:2      | 1294 ||| READING scroll labelled AWYFUI MUDOKEV.
  1304 | D:3      | You fall into a shaft and drop 3 floors!
  1314 | D:6      | 1314 ||| FLEEEEING.
  1315 | D:6      | 1315 ||| FLEEEEING.
  1315 | D:6      | Noticed a phantom
  1316 | D:6      | 1316 ||| FLEEEEING.
  1317 | D:6      | 1317 ||| STAIRDANCE
  1318 | D:5      | Entered Level 5 of the Dungeon
  1331 | D:5      | HP: 5/29 [iguana (3)]
  1332 | D:5      | Mangled by an iguana

Levels and vault maps discovered:
D:1:      wander_arrival_abandoned_jail, layout_loops_cross
D:2:      kennysheep_the_goblin_king, layout_rooms, kennysheep_flooded_box
D:3:      layout_basic, mainiacjoe_overflow_catwalk, basic_ecumenical_altar
D:5:      layout_basic, gammafunk_temple_overflow_elements, minmay_shop_mayhem,
          uniq_blork_the_orc
D:6:      layout_basic, led_sif_book, serial_shops, nicolae_shop_trees,
          uniq_crazy_yiuf_cottage

Skill      XL: |  1  2  3 |
---------------+----------+-----
Ranged Weapons | 3 4 |  4.1
Fighting       | 2 |  2.1
Armour         | 1 |  1.1
Dodging        | |  2.1
Spellcasting   | |  1.0
Hexes          | |  2.0

Action                     || total
---------------------------++-------
   Fire: Sling             ||   135
    Use: Scroll            ||     4
         Potion            ||     1
 Armour: Ring mail         ||    20
         Robe              ||     1
  Dodge: Dodged            ||    37

Table legend:
 A = Non-vault XP
 B = Vault XP
 C = Vault XP percentage of total XP
 D = Non-vault monster count
 E = Vault monster count
 F = Vault count percentage of total count
                 A         B        C        D         E       F
            +---------+---------+-------+---------+---------+-------
      Total |      73 |      14 |  16.1 |      38 |       7 |  15.6
            +---------+---------+-------+---------+---------+-------
        D:1 |      48 |       0 |   0.0 |      24 |       0 |   0.0
        D:2 |      25 |      14 |  35.9 |      14 |       7 |  33.3
            +---------+---------+-------+---------+---------+-------
